 Dungeon Crawl Stone Soup version 0.28.0-53-g5a82cb258f (webtiles) character file.

Game seed: 10081471944006925899

42870 wingedge the Geomancer (level 14, 0/84 HPs)
             Began as a Gargoyle Earth Elementalist on June 7, 2022.
             Was a High Priest of Vehumet.
             Slain by a dire elephant (24 damage)
             ... on level 6 of the Lair of Beasts.
             The game lasted 01:39:15 (19537 turns).

wingedge the Geomancer (GrEE)                      Turns: 19537, Time: 01:39:16

Health: 0/84       AC: 22    Str: 14    XL:     14   Next: 21%
Magic:  3/35       EV: 13    Int: 22    God:    Vehumet [*****.]
Gold:   544        SH:  7    Dex: 10    Spells: 4/30 levels left

rFire   x . .      SeeInvis .   N - staff of conjuration
rCold   + . .      Faith    .   O - +2 buckler
rNeg    + . .      Spirit   .   M - +2 robe {Archmagi}
rPois   ∞          Reflect  .   W - +2 hat {Int+3}
rElec   +          Harm     .   t - +0 cloak
rCorr   .          Rampage  .   i - +1 pair of gloves
Will    +....      Archmagi +   T - +0 pair of boots
Stlth   ++........              Y - amulet of the acrobat
HPRegen 0.24/turn               w - ring of magical power
MPRegen 0.24/turn               m - ring of ice

@: flying
A: sickness immunity, AC +10, big wings, negative energy resistance 1,
electricity resistance, torment resistance 1, petrification resistance
a: Renounce Religion


You were on level 6 of the Lair of Beasts.
You worshipped Vehumet.
Vehumet was extremely pleased with you.
You visited 3 branches of the dungeon, and saw 17 of its levels.
You also visited: Ice Cave.

You collected 907 gold pieces.
You spent 363 gold pieces at shops.

Inventory:

Hand Weapons
 g - the +12 morningstar "Apric" {vorpal, Stlth+}
   (You found it in an ice cave)

   It inflicts extra damage upon your enemies.
   Stlth:     It makes you more stealthy.
Missiles
 c - 143 stones
 p - 92 bolts
Armour
 i - a +1 pair of gloves (worn)
 t - a +0 cloak (worn)
 M - a +2 robe of the Archmagi (worn)
 O - a +2 buckler (worn)
 P - +0 acid dragon scales
 T - a +0 pair of boots (worn)
 W - a +2 hat of intelligence (worn)
Magical Staves
 N - a staff of conjuration (weapon)
Jewellery
 d - a +6 ring of intelligence
 m - a ring of ice (right hand)
 r - the amulet "Hepraviq" {Regen+ Str+4}
   (You found it on level 6 of the Lair of Beasts)

   [amulet of regeneration]

   Str:       It affects your strength (+4).
   Regen:     It increases your rate of health regeneration.
 u - a ring of protection from fire
 w - a ring of magical power (left hand)
 C - a ring of wizardry
 R - a ring of fire
 Y - an amulet of the acrobat (around neck)
Wands
 b - a wand of acid (8)
 x - a wand of flame (70)
 y - a wand of digging (8)
 E - a wand of paralysis (1)
 G - a wand of charming (7)
Scrolls
 a - a scroll of blinking
 j - 3 scrolls of immolation
 A - 2 scrolls of magic mapping
 D - 2 scrolls of amnesia
 L - 8 scrolls of teleportation
 Q - a scroll of holy word
 S - 3 scrolls of fear
 U - a scroll of fog
 Z - a scroll of identify
Potions
 e - a potion of invisibility
 f - 5 potions of curing
 k - 3 potions of haste
 l - 4 potions of might
 n - 5 potions of brilliance
 q - a potion of magic
 v - a potion of ambrosia {unknown}
 z - a potion of attraction {unknown}
 B - a potion of flight {unknown}
 H - 8 potions of lignification
 I - a potion of heal wounds
 V - 3 potions of mutation
 X - a potion of cancellation {unknown}
Miscellaneous
 J - a condenser vane


   Skills:
 + Level 8.2 Fighting
 + Level 1.4 Maces & Flails
 + Level 8.6 Armour
 - Level 5.0 Dodging
 - Level 2.1 Stealth
 + Level 5.9 Shields
 + Level 8.5 Spellcasting
 * Level 12.0 Conjurations
 - Level 3.0 Translocations
 - Level 5.0 Transmutations
 + Level 14.5 Earth Magic
 + Level 4.7 Evocations


You had 4 spell levels left.
You knew the following spells:

 Your Spells              Type           Power      Damage    Failure   Level
a - Sandblast             Erth           100%       2d20      0%          1
b - Stone Arrow           Conj/Erth      100%       3d13      1%          3
c - Passwall              Tmut/Erth      56%        N/A       1%          2
d - Petrify               Tmut/Erth      68%        N/A       1%          4
e - Magic Dart            Conj           100%       1d8       1%          1
f - Lehudib's Crystal Sp  Conj/Erth      50%        10d12     50%         8
g - Apportation           Tloc           66%        N/A       2%          1
h - Iron Shot             Conj/Erth      50%        9d10      1%          6

Your spell library contained the following spells:

 Spells                   Type           Power      Damage    Failure   Level
 Foxfire                  Conj/Fire      100%       2x1d9     1%          1
 Static Discharge         Conj/Air       69%        N/A       1%          2
 Conjure Flame            Conj/Fire      69%        6-21      1%          3
 Flame Wave               Conj/Fire      69%        2d13      2%          4
 Poisonous Vapours        Pois/Air       28%        N/A       4%          2
 Leda's Liquefaction      Hex/Erth       29%        N/A       4%          4
 Inner Flame              Hex/Fire       14%        N/A       7%          3
 Animate Skeleton         Necr           28%        N/A       9%          1
 Pain                     Necr           56%        1d6       9%          1
 Slow                     Hex            56%        N/A       9%          1
 Summon Small Mammal      Summ           56%        N/A       9%          1
 Spider Form              Tmut/Pois      30%        N/A       10%         3
 Corpse Rot               Necr/Air       28%        N/A       14%         2
 Ensorcelled Hibernation  Hex/Ice        42%        N/A       14%         2
 Portal Projectile        Hex/Tloc       48%        N/A       14%         3
 Call Canine Familiar     Summ           14%        N/A       26%         3
 Confusing Touch          Hex            14%        N/A       26%         3
 Vampiric Draining        Necr           14%        2d7       26%         3
 Passage of Golubria      Tloc           33%        N/A       26%         4
 Anguish                  Hex/Necr       7%         N/A       65%         4
 Lightning Bolt           Conj/Air       34%        1d52      5%          5
 Blade Hands              Tmut           23%        N/A       32%         5
 Agony                    Necr           14%        N/A       94%         5
 Excruciating Wounds      Necr           7%         N/A       94%         5
 Silence                  Hex/Air        7%         N/A       94%         5
 Borgnjor's Revivificati  Necr           7%         N/A       100%        8
 Maxwell's Capacitive Co  Air            7%         ∞         100%        8
 Necromutation            Tmut/Necr      15%        N/A       100%        8
 Death's Door             Necr           7%         N/A       100%        9


Dungeon Overview and Level Annotations

Branches:
Dungeon (10/15)            Temple (1/1) D:4            Lair (6/6) D:9
 Shoals (0/4) Lair:4       Spider (0/4) Lair:3        Slime (0/5) Lair:6
    Orc (0/2) D:10          IceCv (visited)

Altars:
Dithmenos
Elyvilon
Makhleb
Okawaru
Qazlal
Ru
Sif Muna
Vehumet

Shops:
D:2 =*

Annotations:
D:3 2 transporters, Agrostarius's ghost, weakling DsBe


Innate Abilities, Weirdness & Mutations

You are immune to sickness and miasma.
Your stone body is resilient. (AC +10)
You are immune to poison.
Your large and strong wings let you fly.
You resist negative energy. (rN+)
You are resistant to electric shocks. (rElec)
You are resistant to unholy torment.
You are immune to petrification.


Message History

Aiming: Iron Shot (dangerous; 1% risk of failure)
Press: ? - help, Q - select action, (/) - cycle Shift-Dir - straight line, f - necromancer
Aim: a necromancer, wielding a +0 dagger and wearing a +0 robe (69% to hit)
You feel a strong surge of power!
The iron shot misses the necromancer.
The dire elephant tramples you!!
You hold your ground!
You block the dire elephant's attack.
Casting: Iron Shot (dangerous; 1% risk of failure)
Confirm with . or Enter, or press ? or * to list all spells.
Okay, then.
You don't have enough magic to cast this spell.
Unknown command.
You block the necromancer's attack.
Casting: Iron Shot (dangerous; 1% risk of failure)
Confirm with . or Enter, or press ? or * to list all spells.
Okay, then.
Aiming: Iron Shot (dangerous; 1% risk of failure)
Press: ? - help, Q - select action, (/) - cycle Shift-Dir - straight line, f/p - necromancer
Aim: a necromancer, wielding a +0 dagger and wearing a +0 robe (69% to hit)
You feel a strong surge of power!
The iron shot misses the necromancer.
The dire elephant tramples you!
* * * LOW HITPOINT WARNING * * *
You are shoved backwards!
The necromancer points at you and mumbles some strange words.
You struggle to resist.
The necromancer gestures at you while chanting.
You struggle to resist.
There is a stone staircase leading up here.
The dire elephant tramples you.
* * * LOW HITPOINT WARNING * * *
You are shoved backwards!
You stop ascending the stairs.
As you read the scroll of fear, it crumbles to dust.
You assume a fearsome visage.
The dire elephant resists with some effort.
The necromancer looks frightened!
The dire elephant resists with almost no effort.
The dire elephant closely misses you.
The dire elephant trunk-slaps you but does no damage.
As you read the scroll of summoning, it crumbles to dust.
Wisps of shadow whirl around you... The dire elephant tramples you!!
You die...

**,,***,,,*#........##..#,.#J*
*8,,,**,,,*#.........#..#$..J,
**,8,**,,,*#..........##.....#
**,,,+,,,#♣..................
*,*,****#P..................
*,,,,* #♣P..................
*,**,* ♣......F.............
*,,*,**♣.YF.l.............#.
*,,*,,*♣.w.@.F.............*
*,,**,*#P.^YY..............,
*,,,*,*##P..Y............P.,
*,,,*,,,#♣...P............,,
**+****,*#..........#.....,,
**,,,,*,,#.........##....,,,
*,,,,,##.#.....p....#,..,,,,
*,,,,,,#.#♣......)..#*,,,,*,
*,,,,,,#.#.........##,,,,,,,


You could see 2 dire elephants, a necromancer (fleeing), 2 friendly death yaks,
a friendly torpor snail (summoned), a friendly basilisk (summoned) and 3
friendly blink frogs.

Vanquished Creatures
  Gastronok (D:8)
  2 dire elephants (Lair:6)
  4 hydras (Lair:5)
  A catoblepas (Lair:5)
  2 two-headed ogres (D:10)
  2 spectral death yaks (Lair:6)
  A spectral anaconda (Lair:6)
  A fire crab (Lair:5)
  An obsidian statue (Lair:6)
  A necromancer (Lair:6)
  An ugly thing (IceCv)
  8 elephants
  5 black mambas
  3 ice statues (IceCv)
  10 cane toads
  A freezing wraith (IceCv)
  2 rime drakes
  2 ice devils (Lair:6)
  13 komodo dragons
  2 entropy weaver simulacra (IceCv)
  A polar bear (Lair:6)
  A troll (D:10)
  A hornet (D:9)
  33 blink frogs
  A wraith (D:9)
  16 yaks
  5 wyverns
  A dire elephant simulacrum (IceCv)
  A steam dragon (D:9)
  2 basilisks
  Grum (D:8)
  3 death yak simulacra
  A redback (Lair:3)
  A harpy simulacrum (IceCv)
  A warg (D:9)
  An acid dragon (D:7)
  17 water moccasins
  A sky beast (D:8)
  3 ice beasts
  6 orc warriors
  3 necrophages
  2 ogres
  A black bear (Lair:1)
  3 centaurs
  An elephant skeleton (Lair:6)
  10 wolves
  A phantom (D:4)
  Blork the orc (D:6)
  12 bullfrogs
  A water moccasin zombie (D:6)
  3 cane toad simulacra
  3 gnoll sergeants
  3 scorpions
  A water moccasin skeleton (D:6)
  9 wights (D:9)
  5 electric eels (D:10)
  7 howler monkeys
  A bullfrog skeleton (D:6)
  5 hounds
  3 centaur zombies (D:9)
  8 jellies
  A gnoll shaman (D:8)
  6 orc priests
  Natasha (thrice) (D:3)
  11 orc wizards
  A killer bee zombie (D:8)
  A wolf simulacrum (IceCv)
  14 gnolls
  A howler monkey zombie (D:9)
  7 adders
  An ufetubus (D:4)
  An adder skeleton (D:2)
  3 worms (D:2)
  35 orcs
  5 ball pythons
  2 bats (D:1)
  7 endoplasms
  3 giant cockroaches
  13 goblins
  6 hobgoblins
  6 jackals
  2 quokkas
  7 frilled lizards
  6 kobolds
  5 rats
390 creatures vanquished.

Vanquished Creatures (collateral kills)
  2 wargs (D:9)
  2 orc wizards (D:9)
  An orc (D:9)
5 creatures vanquished.

Vanquished Creatures (others)
  19 fungi
  31 plants
  13 withered plants (Lair:6)
63 creatures vanquished.

Grand Total: 458 creatures vanquished

Notes
Turn   | Place    | Note
-------+----------+-------------------------------------------
     0 | D:1      | wingedge the Gargoyle Earth Elementalist began the quest
                  | for the Orb.
     0 | D:1      | Reached XP level 1. HP: 10/10 MP: 3/3
   141 | D:1      | Reached skill level 1 in Transmutations
   191 | D:1      | Reached XP level 2. HP: 15/15 MP: 3/5
   651 | D:1      | Reached skill level 4 in Earth Magic
   834 | D:1      | Reached XP level 3. HP: 19/19 MP: 2/6
  1383 | D:2      | Found Tiutury's Jewellery Shop.
  1583 | D:2      | Reached XP level 4. HP: 24/24 MP: 5/8
  2020 | D:2      | Found Hitsi's Assorted Antiques.
  2029 | D:2      | Bought a fuming grey potion for 17 gold pieces
  2029 | D:2      | Bought a fuming sapphire potion for 17 gold pieces
  2282 | D:3      | Reached skill level 5 in Earth Magic
  2331 | D:3      | Found a transporter.
  2332 | D:3      | Noticed an ogre
  2332 | D:3      | Noticed Agrostarius's ghost (weakling DsBe)
  2332 | D:3      | Noticed an ogre
  2333 | D:3      | Found a transporter.
  2333 | D:3      | You fall into a shaft and drop 2 floors!
  2333 | D:5      | Entered Level 5 of the Dungeon
  2384 | D:5      | Noticed a scorpion
  2593 | D:3      | Noticed Natasha
  2600 | D:3      | Killed Natasha
  2601 | D:3      | Reached skill level 1 in Conjurations
  2601 | D:3      | Reached XP level 5. HP: 28/28 MP: 6/10
  2838 | D:3      | Noticed Natasha
  2842 | D:3      | Killed Natasha
  2843 | D:3      | Reached skill level 1 in Armour
  2960 | D:3      | Noticed Natasha
  2966 | D:3      | Killed Natasha
  3275 | D:4      | Reached XP level 6. HP: 25/32 MP: 11/11
  3382 | D:4      | Noticed a necrophage
  3493 | D:4      | Learned a level 3 spell: Stone Arrow
  3553 | D:4      | Killed a necrophage
  3554 | D:4      | Reached skill level 6 in Earth Magic
  3554 | D:4      | Reached XP level 7. HP: 36/36 MP: 10/13
  3795 | D:4      | Found a staircase to the Ecumenical Temple.
  3804 | Temple   | Entered the Ecumenical Temple
  3811 | Temple   | Became a worshipper of Vehumet
  4002 | D:4      | Learned a level 2 spell: Passwall
  4007 | D:4      | Learned a level 4 spell: Petrify
  5084 | D:6      | Reached skill level 7 in Earth Magic
  5235 | D:6      | Noticed Blork the orc
  5241 | D:6      | Killed Blork the orc
  5242 | D:6      | Reached XP level 8. HP: 34/41 MP: 1/14
  5373 | D:6      | Found a stormy altar of Qazlal.
  5477 | D:6      | Reached skill level 1 in Fighting
  5867 | D:6      | Reached skill level 8 in Earth Magic
  6395 | D:7      | Reached skill level 9 in Earth Magic
  6396 | D:7      | Reached XP level 9. HP: 52/52 MP: 15/15
  6534 | D:7      | Reached skill level 5 in Fighting
  6569 | D:7      | Reached * piety under Vehumet
  6569 | D:7      | Offered knowledge of Magic Dart by Vehumet.
  6572 | D:7      | Reached skill level 10 in Earth Magic
  6575 | D:7      | Learned a level 1 spell: Magic Dart
  7601 | D:8      | Reached skill level 1 in Shields
  7796 | D:8      | Noticed Grum
  7801 | D:8      | Reached skill level 11 in Earth Magic
  7807 | D:8      | Reached XP level 10. HP: 28/63 MP: 16/16
  7809 | D:8      | Killed Grum
  7810 | D:8      | Reached skill level 5 in Conjurations
  8120 | D:8      | Noticed Gastronok
  8144 | D:8      | Killed Gastronok
  8395 | D:9      | Offered knowledge of Freeze by Vehumet.
  8560 | D:9      | Found a staircase to the Lair.
  8562 | D:9      | Reached ** piety under Vehumet
  9230 | D:9      | Reached XP level 11. HP: 67/67 MP: 12/17
  9447 | D:9      | Offered knowledge of Scorch by Vehumet.
  9749 | D:10     | Entered Level 10 of the Dungeon
  9824 | D:10     | Reached skill level 12 in Earth Magic
  9916 | D:10     | Reached *** piety under Vehumet
 10036 | D:10     | Offered knowledge of Sticky Flame by Vehumet.
 10233 | D:10     | Noticed a two-headed ogre
 10239 | D:10     | Killed a two-headed ogre
 10240 | D:10     | Reached skill level 5 in Shields
 10559 | D:10     | Found Kevythr Tune's Magic Scroll Emporium.
 10561 | D:10     | Noticed a two-headed ogre
 10566 | D:10     | Killed a two-headed ogre
 10572 | D:10     | Bought a scroll of fog for 30 gold pieces
 10572 | D:10     | Bought a scroll of identify for 30 gold pieces
 10572 | D:10     | Bought a scroll of identify for 30 gold pieces
 10572 | D:10     | Bought a scroll of summoning for 142 gold pieces
 10572 | D:10     | Bought a scroll of fear for 52 gold pieces
 10572 | D:10     | Bought a scroll of teleportation for 45 gold pieces
 10698 | D:10     | Found a staircase to the Orcish Mines.
 10954 | Lair:1   | Entered Level 1 of the Lair of Beasts
 11098 | Lair:1   | Reached skill level 5 in Spellcasting
 11214 | Lair:1   | Reached **** piety under Vehumet
 11219 | Lair:1   | Reached skill level 5 in Dodging
 11312 | Lair:1   | Reached skill level 5 in Armour
 11313 | Lair:1   | Offered knowledge of Hailstorm by Vehumet.
 11453 | Lair:1   | Reached XP level 12. HP: 57/72 MP: 8/20
 12331 | Lair:2   | Found an iron altar of Okawaru.
 12357 | Lair:2   | Learned a level 8 spell: Lehudib's Crystal Spear
 12391 | Lair:2   | Reached skill level 13 in Earth Magic
 12507 | Lair:2   | Reached skill level 10 in Conjurations
 13483 | Lair:2   | Reached skill level 1 in Evocations
 13750 | Lair:2   | Learned a level 1 spell: Apportation
 13930 | Lair:3   | Found a hole to the Spider Nest.
 15172 | Lair:4   | Found a staircase to the Shoals.
 15217 | Lair:4   | Reached XP level 13. HP: 69/76 MP: 18/24
 15460 | Lair:4   | Reached ***** piety under Vehumet
 16094 | Lair:5   | Offered knowledge of Iron Shot by Vehumet.
 16242 | Lair:5   | Identified a scroll of acquirement
 16614 | Lair:4   | Reached skill level 1 in Translocations
 16616 | Lair:4   | Reached skill level 14 in Earth Magic
 17222 | Lair:5   | Reached skill level 5 in Transmutations
 17475 | Lair:5   | Acquired a staff of conjuration
 17752 | Lair:5   | Learned a level 6 spell: Iron Shot
 17820 | Lair:6   | Entered Level 6 of the Lair of Beasts
 18159 | Lair:6   | Found a staircase to the Slime Pits.
 18274 | Lair:6   | Found a frozen archway.
 18327 | IceCv    | Entered an ice cave
 18725 | IceCv    | Gained mutation: Your large and strong wings let you fly.
                  | [Gargoyle growth]
 18725 | IceCv    | Reached XP level 14. HP: 66/83 MP: 2/26
 18900 | IceCv    | Identified the +12 morningstar "Apric" {vorpal, Stlth+}
 19004 | Lair:6   | Noticed a dire elephant
 19004 | Lair:6   | Noticed a dire elephant
 19005 | Lair:6   | Noticed a dire elephant
 19005 | Lair:6   | Noticed a dire elephant
 19008 | Lair:6   | Killed a dire elephant
 19272 | Lair:6   | Reached skill level 1 in Maces & Flails
 19276 | Lair:6   | Identified the amulet "Hepraviq" {Regen+ Str+4}
 19466 | Lair:6   | Killed a dire elephant
 19537 | Lair:6   | Slain by a dire elephant

Illustrated notes

Levels and vault maps discovered:
D:1:      ebering_trefoil_3fold, layout_loops_corners
D:2:      layout_basic, serial_shops, nicolae_shop_statue_plus,
          nicolae_shop_window_shopping, serial_park_tiny_1, minmay_heptomino_l4
D:3:      layout_rooms, gammafunk_ghost_smash, minmay_misc_feat_nine_boxes,
          wad_floor_pattern_2, minmay_goblin_kobold_house, uniq_natasha
D:4:      layout_basic, minmay_temple_entry_drinking_statues
D:5:      layout_basic
D:6:      layout_cave_pools, grunt_qazlal_sundering, uniq_blork_the_orc
D:7:      layout_loops_ring
D:8:      layout_loops_ring, uniq_grum, uniq_gastronok
D:9:      layout_cave_pods, erik_lair_orcish_takeover
D:10:     layout_roguey, erik_orc_2, serial_shops, shop
Temple:   nicolae_temple_the_god_donut
Lair:1:   layout_regular_city, beast_lair_carwin_4
Lair:2:   layout_cave_shapes, basic_altar
Lair:3:   layout_regular_city, spider_nest_entry_a
Lair:4:   layout_gridlike, shoals_dummy_entry, minivault_26
Lair:5:   layout_loops_ring, minmay_shattered_shrine, lemuel_fruit_tree
Lair:6:   due_jungle_book, layout_hall_layers, minmay_slime_entry_jelly_boxes,
          portal_ice_cave_demonic_guard

Skill      XL: |  1  2  3  4  5  6  7  8  9 10 11 12 13 14 |
---------------+-------------------------------------------+-----
Transmutations | 1 3 4 5 |  5.0
Dodging        | 2 3 5 |  5.0
Earth Magic    | 4 5 6 7 9 11 12 13 14 | 14.5
Spellcasting   | 3 4 5 7 8 |  8.5
Conjurations   | 1 2 3 4 7 9 10 11 12 | 12.0
Armour         | 1 2 3 4 5 7 8 |  8.6
Fighting       | 4 7 8 |  8.2
Shields        | 1 4 5 |  5.9
Evocations     | 2 4 |  4.7
Translocations | 2 3 |  3.0
Maces & Flails | 1 |  1.4
Stealth        | |  2.1

Action                   |  1- 3 |  4- 6 |  7- 9 | 10-12 | 13-15 || total
-------------------------+-------+-------+-------+-------+-------++-------
Melee: Dagger            |     2 |    32 |     3 |       |       ||    37
       Spear             |       |       |       |     1 |       ||     1
       Trident           |       |       |       |     6 |       ||     6
       Morningstar       |       |       |       |       |     5 ||     5
       Staff             |       |       |       |       |     1 ||     1
 Fire: Arbalest          |       |       |     2 |       |       ||     2
 Cast: Sandblast         |    50 |    64 |    60 |   168 |   101 ||   443
       Stone Arrow       |       |     3 |    80 |   213 |    79 ||   375
       Petrify           |       |       |     2 |     8 |     8 ||    18
       Iron Shot         |       |       |       |       |    64 ||    64
  Use: Scroll            |       |    10 |     2 |    10 |    14 ||    36
       Potion            |       |     1 |       |       |     1 ||     2
 Stab: Sleeping          |       |     1 |       |       |       ||     1
Armor: Robe              |     7 |     5 |    16 |    92 |    76 ||   196
       Scale mail        |       |    20 |       |       |       ||    20
       Ring mail         |       |       |     4 |       |       ||     4
Dodge: Dodged            |    15 |    29 |    17 |   129 |    81 ||   271
Block: Buckler           |       |       |     5 |    38 |    34 ||    77
